 Dungeon Crawl Stone Soup version 0.31-a0-187-gba352fbbf7 (webtiles) character file.

Game seed: 758189639144810564

190 qw the Skirmisher (level 5, -1/29 HPs)
             Began as a Deep Elf Hunter on June 22, 2023.
             Killed from afar by an orc (8 damage)
             ... with a puff of flame
             ... on level 3 of the Dungeon.
             The game lasted 00:01:07 (2214 turns).

qw the Skirmisher (Deep Elf Hunter)                 Turns: 2214, Time: 00:01:08

Health: -1/29      AC:  3    Str: 10    XL:     5   Next: 41%
Magic:  7/7        EV: 12    Int: 14    God:
Gold:   132        SH:  0    Dex: 18    Spells: 4/4 levels left

rFire   . . .        Y - +0 shortbow
rCold   . . .        (shield currently unavailable)
rNeg    . . .        c - +0 leather armour
rPois   +            (no helmet)
rElec   .            (no cloak)
rCorr   .            (no gloves)
SInv    .            (no boots)
Will    .....        (no amulet)
Stlth   ++           i - ring of poison resistance
HPRegen 0.24/turn    (no ring)
MPRegen 0.10/turn

%: no passive effects
@: no status effects
A: no striking features
a: no special abilities


You were on level 3 of the Dungeon.
You visited 1 branch of the dungeon, and saw 3 of its levels.

You collected 132 gold pieces.


   Skills:
 - Level 1.5 Fighting
 + Level 8.9 Ranged Weapons
 - Level 2.4 Dodging
 - Level 1.2 Stealth


You had 4 spell levels left.
You didn't know any spells.
Your spell library was empty.

Inventory:

Hand Weapons
 Y - a +0 shortbow (weapon)
Armour
 c - a +0 leather armour (worn)
Jewellery
 d - a ring of resist corrosion
 i - a ring of poison resistance (left hand)
Scrolls
 a - a scroll of identify
Potions
 b - a potion of cancellation
 f - a potion of haste {unknown}
 g - a potion of brilliance {unknown}

Dungeon Overview and Level Annotations

Branches:
Dungeon (3/15)

Altars:

Annotations:
D:3 2 transporters, exclusion: 6 gnolls, qw's ghost, amateur DEHu


Message History

You shoot an arrow. The orc shouts!
The arrow hits the orc but does no damage.
You shoot an arrow. The arrow barely misses the orc.
You shoot an arrow. The arrow hits the orc.
The orc is almost dead.
An orc priest comes into view. It is wielding a +0 whip.
You shoot an arrow. The arrow closely misses the orc.
The orc priest shouts!
The orc misses you.
You shoot an arrow. The arrow hits the orc!
You kill the orc!
An orc comes into view.
It is wielding a +0 short sword and carrying a wand of flame (14).
You shoot an arrow.
The arrow closely misses the orc priest.
The orc shouts!
You shoot an arrow. The arrow hits the orc priest.
The orc priest is moderately wounded.
You shoot an arrow. The arrow hits the orc priest!
The orc priest is almost dead.
The orc priest mumbles some strange prayers to Beogh against you.
Beogh smites you!
You shoot an arrow.
The arrow closely misses the orc priest.
The orc priest casts a cantrip, but nothing happens.
You shoot an arrow.
The arrow hits the orc priest but does no damage.
The orc priest is almost dead.
You shoot an arrow.
The arrow hits the orc priest but does no damage.
The orc priest is almost dead.
You shoot an arrow.
The arrow hits the orc priest but does no damage.
The orc priest is almost dead.
The orc zaps a wand.
The puff of flame hits you! The orc priest hits you with a +0 whip.
You shoot an arrow. The arrow hits the orc priest.
You kill the orc priest!
The orc zaps a wand.
The puff of flame hits you!
You die...

... #. #### ###.. #.#####..
....## .....#.##### #....#
#.........# #....# #.........#
#)...# ## #.........###)o..####
#. #............@....... #.
####......)............. ...#.
.....#.#........#############..#.
####...#.####...# .....#..#.
#####..#.# #...#Z... ...Z#..#.
...).....## #...#W[## # #..#..#.
######....###...#ZZ# .#8#..#..#.
#.......).#...#$... ...Z..#..#.
#......##.#..^#=.... .....#^...


You could see an orc.

Vanquished Creatures
  2 orc priests (D:3)
  An orc wizard (D:3)
  5 adders
  2 gnolls (D:3)
  2 worms
  2 dart slugs
  5 orcs (D:3)
  2 endoplasms
  A goblin (D:2)
  8 hobgoblins
  3 jackals (D:1)
  8 kobolds
  2 quokkas
  6 ball pythons
  3 bats
  2 frilled lizards
  4 rats
58 creatures vanquished.

Notes
Turn   | Place    | Note
-------+----------+-------------------------------------------
     0 | D:1      | qw the Deep Elf Hunter began the quest for the Orb.
     0 | D:1      | Reached XP level 1. HP: 12/12 MP: 3/3
     0 | D:1      | 0 ||| qw: Version: 0.3-a-9-g12657ce
     0 | D:1      | 0 ||| qw: Game counter: 2078
     0 | D:1      | 0 ||| qw: Always use a shield: true
     0 | D:1      | 0 ||| qw: God list: Okawaru
     0 | D:1      | 0 ||| qw: Allow faded altars: false
     0 | D:1      | 0 ||| qw: Do Orc after D:15 true
     0 | D:1      | 0 ||| qw: Do second Lair branch before Depths: true
     0 | D:1      | 0 ||| qw: Lair rune preference: random
     0 | D:1      | 0 ||| qw: Plans: Normal
     0 | D:1      | 0 ||| PLANNING D:1-11
   108 | D:1      | Reached XP level 2. HP: 11/16 MP: 4/4
   113 | D:1      | Reached skill level 6 in Ranged Weapons
   616 | D:1      | 616 ||| DROPPING ring of wizardry.
   617 | D:1      | 617 ||| UPGRADING to ring of poison resistance.
   618 | D:1      | 618 ||| READING 2 scrolls labelled UNIKHLO FUSIONG.
   619 | D:1      | 619 ||| READING scroll labelled VARAERGHEWO.
   620 | D:1      | 620 ||| READING 2 scrolls labelled PIOZOEZXAO.
   621 | D:1      | 621 ||| READING scroll labelled KUTODDE LYTSIU.
   622 | D:1      | 622 ||| DRINKING 2 fuming ruby potions.
   654 | D:1      | 654 ||| DROPPING scroll of butterflies.
   655 | D:1      | 655 ||| DROPPING scroll of fog.
   656 | D:1      | 656 ||| DROPPING potion of lignification.
   710 | D:2      | Reached XP level 3. HP: 18/20 MP: 5/5
   763 | D:2      | Reached skill level 7 in Ranged Weapons
  1077 | D:2      | Reached XP level 4. HP: 25/25 MP: 6/6
  1085 | D:2      | Found a faded altar of an unknown god.
  1537 | D:2      | 1537 ||| READING scroll labelled IFUQOUNGIA.
  1538 | D:2      | 1538 ||| READING 3 scrolls of identify.
  1538 | D:2      | 1538 ||| IDENTIFYING metallic emerald potion
  1539 | D:2      | 1539 ||| READING 2 scrolls of identify.
  1539 | D:2      | 1539 ||| IDENTIFYING fizzy pink potion
  1540 | D:2      | 1540 ||| DROPPING potion of attraction.
  1551 | D:3      | 1551 ||| STAIRDANCE
  1633 | D:3      | Found a transporter.
  1633 | D:3      | Noticed qw's ghost (amateur DEHu)
  1635 | D:3      | Found a transporter.
  1833 | D:3      | Reached skill level 8 in Ranged Weapons
  1843 | D:3      | 1843 ||| READING scroll labelled WELUEJ GUNKA.
  2096 | D:3      | Reached XP level 5. HP: 22/29 MP: 7/7
  2213 | D:3      | HP: 7/29 [orc priest/+0 whip (1)]
  2214 | D:3      | Killed from afar by an orc

Levels and vault maps discovered:
D:1:      saegor_arrival_simple_b, layout_loops_cross, serial_park_tiny_1
D:2:      layout_basic, ebering_ecumenical_altar_box, minmay_indecisive_spiral
D:3:      layout_basic, gammafunk_ghost_mausoleum

Skill      XL: |  1  2  3  4 |
---------------+-------------+-----
Ranged Weapons | 6 7 8 |  8.9
Fighting       | |  1.5
Dodging        | |  2.4
Stealth        | |  1.2

Action                     |  1- 3 |  4- 6 || total
---------------------------+-------+-------++-------
   Fire: Shortbow          |   109 |   101 ||   210
    Use: Scroll            |     4 |     4 ||     8
         Potion            |     1 |       ||     1
 Armour: Leather armour    |     5 |     5 ||    10
  Dodge: Dodged            |    17 |    24 ||    41

Table legend:
 A = Non-vault XP
 B = Vault XP
 C = Vault XP percentage of total XP
 D = Non-vault monster count
 E = Vault monster count
 F = Vault count percentage of total count
                 A         B        C        D         E       F
            +---------+---------+-------+---------+---------+-------
      Total |     306 |       9 |   2.9 |      54 |       4 |   6.9
            +---------+---------+-------+---------+---------+-------
        D:1 |      37 |       0 |   0.0 |      22 |       0 |   0.0
        D:2 |      73 |       9 |  11.0 |      14 |       4 |  22.2
        D:3 |     196 |       0 |   0.0 |      18 |       0 |   0.0
            +---------+---------+-------+---------+---------+-------
